 Dungeon Crawl Stone Soup version 0.27.0-1-g7a089689b8 (webtiles) character file.

Game seed: 4399137466283612961

3514 mrzisme the Warmonger (level 10, -6/77 HPs)
             Began as a Gnoll Wanderer on Aug 17, 2021.
             Was an Elder of Okawaru.
             Mangled by a warg (11 damage)
             ... on level 9 of the Dungeon.
             The game lasted 00:38:07 (10034 turns).

mrzisme the Warmonger (Gnoll Wanderer)             Turns: 10034, Time: 00:38:08

Health: -6/77      AC: 13    Str: 17    XL:     10   Next: 8%
Magic:  0/17       EV:  8    Int: 19    God:    Okawaru [****..]
Gold:   382        SH:  0    Dex: 10    Spells: 18/18 levels left

rFire    . . .     SeeInvis .   P - +10 quarterstaff of Disharmony {vorpal, rElec rN+ Int+2}
rCold    . . .     Faith    .   (shield currently unavailable)
rNeg     + . .     Spirit   +   C - +0 chain mail of Jyxam {Slay+3}
rPois    +         Reflect  .   i - +0 helmet
rElec    +         Harm     .   x - +0 cloak
rCorr    .         Rampage  .   (no gloves)
Will     .....                  (no boots)
Stlth    ..........             q - amulet of guardian spirit
HPRegen  0.22/turn              y - +6 ring of intelligence
MPRegen  0.15/turn              A - ring of poison resistance

@: attractive, studying Invocations
A: fangs 1, strong nose, distributed training
a: Renounce Religion, Heroism


You were on level 9 of the Dungeon.
You worshipped Okawaru.
Okawaru was greatly pleased with you.
You visited 2 branches of the dungeon, and saw 10 of its levels.

You collected 473 gold pieces.
You spent 91 gold pieces at shops.

Inventory:

Hand Weapons
 a - a +0 club
 f - a +0 dagger
 p - a +0 spear
 w - a +0 war axe
 z - a +2 vorpal mace
 B - a +1 whip of holy wrath
 I - a +0 shortbow
 J - a +4 dagger
 M - a +0 scimitar of flaming
 P - the +10 quarterstaff of Disharmony (weapon) {vorpal, rElec rN+ Int+2}
   (You found it on level 7 of the Dungeon)

   It inflicts extra damage upon your enemies.
   Int:       It affects your intelligence (+2).
   rElec:     It insulates you from electricity.
   rN:        It protects you from negative energy.
Missiles
 g - 23 poisoned darts
 k - 215 stones (quivered)
 u - 101 arrows
Armour
 c - a +0 ring mail
 i - a +0 helmet (worn)
 j - a +0 plate armour
 l - a +0 scale mail
 r - a +0 ring mail of fire resistance
 x - a +0 cloak (worn)
 C - the +0 chain mail of Jyxam (worn) {Slay+3}
   (You found it on level 5 of the Dungeon)

   Slay:      It affects your accuracy & damage with ranged weapons and melee
   (+3).
 L - +0 steam dragon scales
Jewellery
 q - an amulet of guardian spirit (around neck)
 y - a +6 ring of intelligence (left hand)
 A - a ring of poison resistance (right hand)
 N - a +6 ring of intelligence
Wands
 R - a wand of digging (5)
Scrolls
 b - 4 scrolls of blinking
 e - 2 scrolls of fear
 h - a scroll of immolation {unknown}
 m - a scroll of enchant armour {unknown}
 n - a scroll of identify
 s - a scroll of vulnerability
 v - 4 scrolls of teleportation
 E - a scroll of noise {unknown}
 G - 2 scrolls of magic mapping
 H - a scroll of fog {unknown}
 K - a scroll of summoning {unknown}
Potions
 d - a potion of lignification
 t - 2 potions of brilliance
 O - a potion of resistance {unknown}
 Q - a potion of flight {unknown}


   Skills:
 + Level 6.8 Fighting
 + Level 4.9 Short Blades
 + Level 4.9 Long Blades
 + Level 4.9 Axes
 + Level 4.9 Maces & Flails
 + Level 4.9 Polearms
 + Level 4.9 Staves
 + Level 4.9 Slings
 + Level 5.6 Bows
 + Level 4.9 Crossbows
 + Level 4.9 Throwing
 + Level 6.8 Armour
 + Level 4.9 Dodging
 + Level 6.5 Stealth
 + Level 5.6 Shields
 + Level 6.8 Unarmed Combat
 + Level 4.9 Spellcasting
 + Level 4.0 Conjurations
 + Level 4.0 Hexes
 + Level 4.0 Summonings
 + Level 4.0 Necromancy
 + Level 4.0 Translocations
 + Level 4.0 Transmutations
 + Level 4.0 Fire Magic
 + Level 4.0 Ice Magic
 + Level 4.0 Air Magic
 + Level 4.0 Earth Magic
 + Level 4.0 Poison Magic
 + Level 7.3 Invocations
 + Level 4.9 Evocations


You had 18 spell levels left.
You didn't know any spells.
Your spell library contained the following spells:

 Spells                   Type           Power      Damage    Failure   Level
 Stone Arrow              Conj/Erth      40%        3d9       63%         3
 Animate Armour           Summ/Erth      40%        N/A       95%         4
 Lehudib's Crystal Spear  Conj/Erth      10%        10d4      100%        8


Dungeon Overview and Level Annotations

Branches:
Dungeon (9/15)             Temple (1/1) D:4
   Lair: D:8-11         Orc: D:9-12

Altars:
Ashenzari
Dithmenos
Fedhas
Gozag
Hepliaklqana
Kikubaaqudgha
Makhleb
Nemelex Xobeh
Okawaru
Ru
Sif Muna
Trog
Uskayaw
Vehumet
Wu Jian
Xom
Zin
The Shining One

Shops:
D:6 ?

Annotations:
D:8 Gastronok


Innate Abilities, Weirdness & Mutations

You have very sharp teeth.
Your uncanny sense of smell can sniff out nearby items.
Your experience applies equally to all skills.


Message History

You hear a shout!
You hear an angry hiss.
The warg bites you but does no damage. x2
You hear a shout! x2
You closely miss the warg.
The warg is lightly wounded.
The warg stops to sniff the ground.
The warg bites you but does no damage. x2
You closely miss the warg.
The warg is lightly wounded.
The warg completely misses you. The warg barely misses you. x2
The warg closely misses you.
You sock the warg! You bite the warg.
The warg is moderately wounded.
The warg bites you! The warg bites you.
* * * LOW HITPOINT WARNING * * *
The warg bites you but does no damage. The warg closely misses you.
You closely miss the warg. You bite the warg.
The warg is moderately wounded.
The warg bites you but does no damage. x2
An orc warrior comes into view. It is wielding a +0 glaive.
The warg bites you!
* * * LOW HITPOINT WARNING * * *
The warg bites you but does no damage. The warg bites you.
* * * LOW HITPOINT WARNING * * *
It was a potion of attraction.
You feel attractive to monsters. The warg bites you!
* * * LOW HITPOINT WARNING * * *
An orc priest comes into view. It is wielding a +0 whip.
The warg bites you but does no damage. The warg closely misses you.
An orc comes into view. It is wielding a +0 short sword.
The orc priest moves out of view.
The orc is pulled toward you! The orc warrior is pulled toward you!
It was a potion of cancellation.
Your magical effects are unravelling.
You feel magically purged.
You feel yourself speed up.
The orc shouts!
You hear a shout!
You hear an angry hiss.
The warg bites you!
You die...

∆ ##
##..#####
......h.#
∆
.....oh@#
....o####
(.. (


You could see 2 wargs, an orc warrior and an orc.

Vanquished Creatures
  The ghost of T3K the Grappler, a novice TrTm of Elyvilon (D:7)
  Maggie (D:7)
  2 wyverns
  A wraith (D:8)
  Menkaure (D:7)
  2 water moccasins
  2 sky beasts
  A hornet zombie (D:7)
  2 centaurs
  2 kobold brigands
  A gnoll sergeant (D:7)
  3 scorpions
  A wyvern zombie (D:5)
  A water moccasin skeleton (D:4)
  3 wights (D:8)
  2 electric eels (D:8)
  2 howler monkeys
  A centaur zombie (D:8)
  4 hounds
  A jelly (D:6)
  2 orc priests (D:5)
  2 bullfrog zombies
  Crazy Yiuf (D:2)
  2 iguanas
  3 orc wizards
  A hound skeleton (D:5)
  A howler monkey zombie (D:8)
  5 gnolls (D:7)
  7 adders
  A shadow imp (D:6)
  2 white imps (D:7)
  3 worms
  3 dart slugs
  12 orcs
  5 ball pythons
  3 bats
  An endoplasm (D:2)
  4 giant cockroaches
  A goblin (D:2)
  4 hobgoblins
  15 jackals
  16 kobolds
  6 quokkas
  A frilled lizard (D:1)
  A rat (D:1)
136 creatures vanquished.

Vanquished Creatures (others)
  2 plants (D:8)
2 creatures vanquished.

Grand Total: 138 creatures vanquished

Notes
Turn   | Place    | Note
-------+----------+-------------------------------------------
     0 | D:1      | mrzisme the Gnoll Wanderer began the quest for the Orb.
     0 | D:1      | mrzisme set off with the following items: a +0 club, a
                  | scroll of blinking, a +0 ring mail, a potion of
                  | lignification, a scroll of fear, a +0 dagger
     0 | D:1      | Reached XP level 1. HP: 20/20 MP: 1/1
   504 | D:1      | Reached XP level 2. HP: 26/26 MP: 2/2
  1114 | D:2      | Reached XP level 3. HP: 22/31 MP: 3/3
  1586 | D:2      | Reached skill level 1 in Invocations
  2000 | D:2      | Reached skill level 1 in Short Blades
  2000 | D:2      | Reached skill level 1 in Long Blades
  2000 | D:2      | Reached skill level 1 in Axes
  2000 | D:2      | Reached skill level 1 in Maces & Flails
  2000 | D:2      | Reached skill level 1 in Polearms
  2000 | D:2      | Reached skill level 1 in Staves
  2000 | D:2      | Reached skill level 1 in Slings
  2000 | D:2      | Reached skill level 1 in Crossbows
  2000 | D:2      | Reached skill level 1 in Throwing
  2000 | D:2      | Reached skill level 1 in Dodging
  2000 | D:2      | Reached skill level 1 in Spellcasting
  2000 | D:2      | Reached skill level 1 in Evocations
  2119 | D:2      | Found a faded altar of an unknown god.
  2183 | D:2      | You fall into a shaft and drop 2 floors!
  2283 | D:3      | Reached XP level 4. HP: 38/38 MP: 5/5
  2604 | D:2      | Found a runed translucent door.
  2605 | D:2      | Noticed Crazy Yiuf
  2816 | D:2      | Killed Crazy Yiuf
  2817 | D:2      | Reached skill level 1 in Conjurations
  2817 | D:2      | Reached skill level 1 in Hexes
  2817 | D:2      | Reached skill level 1 in Summonings
  2817 | D:2      | Reached skill level 1 in Necromancy
  2817 | D:2      | Reached skill level 1 in Translocations
  2817 | D:2      | Reached skill level 1 in Transmutations
  2817 | D:2      | Reached skill level 1 in Fire Magic
  2817 | D:2      | Reached skill level 1 in Ice Magic
  2817 | D:2      | Reached skill level 1 in Air Magic
  2817 | D:2      | Reached skill level 1 in Earth Magic
  2817 | D:2      | Reached skill level 1 in Poison Magic
  3678 | D:4      | Reached XP level 5. HP: 37/43 MP: 4/7
  3842 | D:4      | Found a staircase to the Ecumenical Temple.
  3849 | Temple   | Entered the Ecumenical Temple
  4332 | D:4      | Reached skill level 2 in Invocations
  4332 | D:4      | Reached XP level 6. HP: 37/50 MP: 5/8
  4484 | D:4      | Found a burning altar of Makhleb.
  5192 | D:5      | Entered Level 5 of the Dungeon
  5321 | D:5      | Reached skill level 5 in Fighting
  5321 | D:5      | Reached skill level 5 in Armour
  5321 | D:5      | Reached skill level 5 in Unarmed Combat
  5385 | D:5      | Identified the +0 chain mail of Jyxam {Slay+3}
  5918 | D:5      | Reached XP level 7. HP: 56/56 MP: 10/10
  6087 | D:5      | Found a sparkling altar of Nemelex Xobeh.
  6112 | D:5      | Found an iron altar of Okawaru.
  6116 | D:5      | Found a hazy altar of Hepliaklqana.
  6116 | D:5      | Found a shadowy altar of Dithmenos.
  6119 | D:5      | Became a worshipper of Warmaster Okawaru
  6273 | D:6      | Reached skill level 3 in Invocations
  6319 | D:6      | Reached skill level 5 in Stealth
  6610 | D:6      | Reached XP level 8. HP: 61/63 MP: 12/12
  6781 | D:6      | Found Oreelevo's Magic Scroll Shoppe.
  6789 | D:6      | Bought a scroll of magic mapping for 49 gold pieces
  6789 | D:6      | Bought a scroll of teleportation for 42 gold pieces
  6818 | D:6      | Reached * piety under Okawaru
  6819 | D:6      | Reached skill level 4 in Invocations
  7857 | D:7      | Reached skill level 5 in Invocations
  8019 | D:7      | Noticed Maggie
  8044 | D:7      | Killed Maggie
  8044 | D:7      | Reached ** piety under Okawaru
  8045 | D:7      | Reached XP level 9. HP: 16/69 MP: 3/14
  8389 | D:7      | Noticed Menkaure
  8393 | D:7      | Killed Menkaure
  8394 | D:7      | Reached skill level 6 in Invocations
  8521 | D:7      | Found a runed translucent gate.
  8521 | D:7      | Found a runed translucent gate.
  8521 | D:7      | Found a runed translucent gate.
  8522 | D:7      | Noticed T3K's ghost (novice TrTm)
  8605 | D:7      | Identified the +10 quarterstaff of Disharmony {vorpal,
                  | rElec rN+ Int+2}
  8872 | D:7      | Killed T3K's ghost
  8872 | D:7      | Reached *** piety under Okawaru
  8873 | D:7      | Reached skill level 5 in Bows
  8873 | D:7      | Reached skill level 5 in Shields
  9238 | D:8      | Found a broken altar of Ashenzari.
  9365 | D:8      | Reached skill level 7 in Invocations
  9428 | D:8      | Reached **** piety under Okawaru
  9429 | D:8      | Reached XP level 10. HP: 33/77 MP: 11/17
  9962 | D:8      | Noticed Gastronok
 10034 | D:9      | Mangled by a warg

Illustrated notes

Levels and vault maps discovered:
D:1:      dpeg_arrival_windows_large_door, layout_basic
D:2:      layout_rooms, ebering_ecumenical_altar_abandoned, roderic_lattice_a,
          uniq_crazy_yiuf_cottage
D:3:      layout_rooms
D:4:      layout_loops_corners, amcnicky_altar_gilded,
          minmay_temple_entry_statues_pillars, lemuel_flame_loot_1
D:5:      layout_basic, mainiacjoe_overflow_alcove_3
D:6:      layout_basic, serial_shops, shop
D:7:      layout_loops_ring, ebering_ghost_rock_garden,
          chequers_serial_rivers_micro_c, minmay_misc_feat_columns, uniq_maggie,
          uniq_menkaure
D:8:      nzn_winding_woodlands_small [nzn_winding_woodlands_5x15_concentric,
          nzn_winding_woodlands_center_garden,
          nzn_winding_woodlands_5x15_longhouse], layout_basic,
          yredelemnul_forgotten_temple_becter, nicolae_qazlal_eye_of_the_storm,
          nicolae_ashenzari_skybound, serial_bayou_pond_b,
          minmay_tree_intersection, st_stairs_9, uniq_gastronok
D:9:      layout_gridville, slow_altar_1, old_standard_altar,
          erik_lair_orcish_takeover, uniq_erica
Temple:   hc_temple_tempest_star

Skill      XL: |  1  2  3  4  5  6  7  8  9 |
---------------+----------------------------+-----
Invocations    | 1 2 3 5 7 |  7.3
Short Blades   | 1 2 3 4 |  4.9
Long Blades    | 1 2 3 4 |  4.9
Axes           | 1 2 3 4 |  4.9
Maces & Flails | 1 2 3 4 |  4.9
Polearms       | 1 2 3 4 |  4.9
Staves         | 1 2 3 4 |  4.9
Slings         | 1 2 3 4 |  4.9
Crossbows      | 1 2 3 4 |  4.9
Throwing       | 1 2 3 4 |  4.9
Dodging        | 1 2 3 4 |  4.9
Spellcasting   | 1 2 3 4 |  4.9
Evocations     | 1 2 3 4 |  4.9
Conjurations   | 1 2 3 4 |  4.0
Hexes          | 1 2 3 4 |  4.0
Summonings     | 1 2 3 4 |  4.0
Necromancy     | 1 2 3 4 |  4.0
Translocations | 1 2 3 4 |  4.0
Transmutations | 1 2 3 4 |  4.0
Fire Magic     | 1 2 3 4 |  4.0
Ice Magic      | 1 2 3 4 |  4.0
Air Magic      | 1 2 3 4 |  4.0
Earth Magic    | 1 2 3 4 |  4.0
Poison Magic   | 1 2 3 4 |  4.0
Bows           | 3 4 5 |  5.6
Shields        | 3 4 5 |  5.6
Fighting       | 5 6 |  6.8
Armour         | 5 6 |  6.8
Unarmed Combat | 5 6 |  6.8
Stealth        | 5 6 |  6.5

Action                   |  1- 3 |  4- 6 |  7- 9 | 10-12 || total
-------------------------+-------+-------+-------+-------++-------
Melee: Club              |   217 |    15 |       |       ||   232
       Bite              |    17 |    19 |    12 |     3 ||    51
       Punch             |     3 |     5 |     2 |       ||    10
       Mace              |       |   147 |   121 |       ||   268
       War axe           |       |    18 |       |       ||    18
       Whip              |       |     6 |       |       ||     6
       Quarterstaff      |       |       |    52 |    29 ||    81
       Scimitar          |       |       |    10 |       ||    10
 Fire: Shortbow          |       |       |    37 |    28 ||    65
Throw: Stone             |     4 |    14 |       |       ||    18
Invok: Heroism           |       |       |     1 |       ||     1
  Use: Potion            |       |     1 |     2 |     3 ||     6
       Scroll            |       |       |     5 |       ||     5
 Stab: Sleeping          |     4 |     1 |       |       ||     5
Armor: Ring mail         |    66 |    81 |       |       ||   147
       Scale mail        |    62 |       |       |       ||    62
       Chain mail        |       |    10 |   105 |    28 ||   143
Dodge: Dodged            |   114 |    88 |    86 |    30 ||   318
